 Dungeon Crawl Stone Soup version 0.29.1-12-g30fa7ad0bf (webtiles) character file.

Game seed: 12211412808053706288

3800 hitthewallwitha the Basher (level 9, -12/75 HPs)
             Began as a Minotaur Fighter on Dec 28, 2022.
             Was a High Priest of Elyvilon.
             Mangled by an orc warrior
             ... wielding a +0 trident
              (27 damage)
             ... in a bailey.
             The game lasted 00:29:37 (8862 turns).

hitthewallwitha the Basher (Minotaur Fighter)       Turns: 8862, Time: 00:29:37

Health: -12/75     AC: 17    Str: 26    XL:     9   Next: 96%
Magic:  17/17      EV:  7    Int:  5    God:    Elyvilon [*****.]
Gold:   209        SH: 14    Dex:  9    Spells: 8/8 levels left

rFire   . . .      SeeInvis .   S - +3 flail
rCold   . . .      Faith    .   m - +0 kite shield
rNeg    . . .      Spirit   .   Y - +0 plate armour {rPois}
rPois   +          Reflect  +   (helmet restricted)
rElec   .          Harm     .   (no cloak)
rCorr   .          Rampage  .   (no gloves)
Will    .....                   t - +2 pair of boots
Stlth   ..........              s - amulet of reflection
HPRegen 0.22/turn               h - ring of wizardry
MPRegen 0.15/turn               G - ring of magical power

@: mighty
A: horns 2, retaliatory headbutt
a: Renounce Religion, Purification, Heal Other, Heal Self, Divine Vigour


You were in a bailey.
You worshipped Elyvilon.
Elyvilon was extremely pleased with you.
You visited 1 branch of the dungeon, and saw 8 of its levels.
You also visited: Bailey.

You collected 479 gold pieces.
You spent 270 gold pieces at shops.

Inventory:

Hand Weapons
 d - a +3 battleaxe of freezing
 e - a +5 halberd of freezing
 f - a +2 short sword of freezing
 A - a +2 spectral club
 S - a +3 flail (weapon)
Missiles
 b - 5 poisoned darts
 i - 82 stones
 R - 7 atropa-tipped darts
 U - a curare-tipped dart
 W - 5 boomerangs
Armour
 m - a +0 kite shield (worn)
 t - a +2 pair of boots (worn)
 w - a +3 chain mail
 x - a +2 robe of willpower
 Y - a +0 plate armour of poison resistance (worn)
Magical Staves
 T - a staff of air
Jewellery
 h - a ring of wizardry (left hand)
 s - an amulet of reflection (around neck)
 E - an amulet of the acrobat
 F - an amulet of faith
 G - a ring of magical power (right hand)
Wands
 M - a wand of mindburst (4) (quivered)
 V - a wand of acid (5)
Scrolls
 a - a scroll of silence {unknown}
 c - a scroll of enchant weapon {unknown}
 g - a scroll of poison {unknown}
 j - 3 scrolls of vulnerability {unknown}
 k - 3 scrolls of teleportation
 l - a scroll of magic mapping {unknown}
 n - 2 scrolls of enchant armour {unknown}
 p - a scroll of amnesia {unknown}
 u - 6 scrolls of identify {unknown}
Potions
 o - 3 potions of cancellation {unknown}
 q - a potion of brilliance {unknown}
 r - 5 potions of haste {unknown}
 v - 2 potions of flight {unknown}
 B - a potion of invisibility {unknown}
 C - a potion of ambrosia {unknown}
 D - 2 potions of degeneration {unknown}
 H - 4 potions of mutation {unknown}
 I - a potion of lignification {unknown}
 J - 3 potions of curing {unknown}
 K - 3 potions of magic {unknown}
 N - a potion of berserk rage {unknown}
 O - 2 potions of heal wounds {unknown}
 P - a potion of resistance {unknown}
 X - a potion of attraction {unknown}


   Skills:
 + Level 6.3 Fighting
 + Level 4.0 Short Blades
 + Level 9.1 Maces & Flails
 + Level 2.4 Polearms
 + Level 8.9 Armour
 + Level 3.7 Dodging
 + Level 1.2 Stealth
 + Level 8.1 Shields
 + Level 1.3 Unarmed Combat
 + Level 2.5 Evocations


You had 8 spell levels left.
You didn't know any spells.
Your spell library contained the following spells:

 Spells                   Type           Power      Damage    Failure   Level
 Necrotise                Necr           0%         1d4       99%         1
 Shock                    Conj/Air       0%         1d3       99%         1
 Slow                     Hex            0%         N/A       99%         1
 Confusing Touch          Hex            0%         N/A       100%        3
 Swiftness                Air            0%         N/A       100%        3
 Vampiric Draining        Necr           0%         2d6       100%        3
 Airstrike                Air            0%         2d(0-16)  100%        4
 Agony                    Necr           0%         N/A       100%        5


Dungeon Overview and Level Annotations

Branches:
Dungeon (8/15)             Temple (0/1) D:5          Bailey (1/1)
   Lair: D:8-11

Altars:
Elyvilon
Qazlal
The Shining One

Shops:
D:3 *   D:6 [   D:8 *


Innate Abilities, Weirdness & Mutations

You have a pair of horns on your head.
You reflexively headbutt those who attack you in melee.


Message History

You blow up the orc!
The orc hits you from afar with a +0 halberd!
The orc warrior hits you from afar with a +0 glaive!!
There is an open gate here.
You block the orc's attack. The orc warrior barely misses you.
The orc warrior hits you but does no damage.
The orc knight roars a battlecry!
The orc warrior goes into a battle-frenzy!
The orc hits you but does no damage.
The orc warrior hits you from afar with a +0 glaive!
You block the orc warrior's attack.
The orc no longer looks unusually strong.
The orc warrior no longer looks unusually strong.
The orc no longer looks unusually strong.
The orc warrior no longer looks unusually strong.
Items here: )) [ ÷÷.
The orc no longer looks unusually strong.
There is an open door, spattered with blood here.
Items here: )) ÷÷.
Aiming: Mindburst
Press: ? - help, Q - select action, (/) - cycle Shift-Dir - straight line, f/p - orc knight
Aim: an orc knight, wielding a +0 glaive and wearing a +0 scale mail (severely wounded, chance to affect: 58%)
The orc barely resists.
The orc hits you from afar with a +0 halberd.
The orc warrior suddenly grunts.
The orc warrior hits you from afar with a +0 spear!
* * * LOW HITPOINT WARNING * * *
Aiming: Mindburst
Press: ? - help, Q - select action, (/) - cycle Shift-Dir - straight line, f/p - orc knight
Aim: an orc knight, wielding a +0 glaive and wearing a +0 scale mail (severely wounded, chance to affect: 58%)
The orc's mind is blasted!!
You blow up the orc!
The orc knight roars a battlecry!
The orcs go into a battle-frenzy!
The orc warrior hits you from afar with a +0 spear.
* * * LOW HITPOINT WARNING * * *
You feel very mighty all of a sudden. You block the orc warrior's attack.
The orc warrior hits you from afar with a +0 trident!!
You die...

#......)#
#.......#
#.......#
##.....##
###'###
#...#
#...#
#...#
#)@)#
###)###
##.ooo.##
#..o)...#
#oo#8#..#
#..#.#..#
#.......#
#.......#
##.....##


You could see an orc knight, 3 orc warriors and 2 orcs.

Vanquished Creatures
  A two-headed ogre (D:8)
  A fire bat (D:4)
  Menkaure (D:4)
  2 water moccasins
  5 orc warriors
  2 sky beasts (D:7)
  2 black bears (D:5)
  A kobold brigand (D:6)
  2 necrophages (D:5)
  4 bullfrogs
  4 scorpions
  9 wights
  4 orc priests
  3 hounds (D:5)
  2 jellies
  An iguana (D:4)
  7 orc wizards
  Robin (D:3)
  3 gnolls (D:4)
  4 adders
  A shadow imp (D:5)
  2 white imps
  2 ufetubi
  A worm (D:2)
  51 orcs
  7 bats
  9 endoplasms
  A giant cockroach (D:3)
  8 goblins
  14 hobgoblins
  5 jackals
  2 quokkas
  5 ball pythons
  A frilled lizard (D:1)
  13 kobolds
  5 rats
186 creatures vanquished.

Vanquished Creatures (others)
  2 demonic plants (D:2)
  6 plants (D:1)
8 creatures vanquished.

Grand Total: 194 creatures vanquished

Notes
Turn   | Place    | Note
-------+----------+-------------------------------------------
     0 | D:1      | hitthewallwitha the Minotaur Fighter began the quest for
                  | the Orb.
     0 | D:1      | Reached XP level 1. HP: 19/19 MP: 0/0
   526 | D:1      | Reached XP level 2. HP: 17/27 MP: 1/1
  1626 | D:2      | Identified the +1 falchion of Focus {vorpal, Str+4 Dex+2}
  1669 | D:2      | Reached XP level 3. HP: 33/33 MP: 2/2
  1730 | D:2      | Found a faded altar of an unknown god.
  1759 | D:2      | Prayed at the altar of an unknown god.
  1759 | D:2      | Became a worshipper of Elyvilon the Healer
  1759 | D:2      | Reached * piety under Elyvilon
  1779 | D:2      | Found a glowing golden altar of the Shining One.
  2074 | D:3      | Found Wox Wuny's Assorted Antiques.
  2098 | D:3      | Reached ** piety under Elyvilon
  2341 | D:3      | Reached skill level 1 in Short Blades
  2378 | D:3      | Reached XP level 4. HP: 40/40 MP: 3/3
  2414 | D:3      | Noticed Robin
  2427 | D:3      | Killed Robin
  2760 | D:4      | Reached skill level 5 in Armour
  3017 | D:4      | Noticed Menkaure
  3025 | D:4      | Killed Menkaure
  3026 | D:4      | Reached skill level 1 in Dodging
  3026 | D:4      | Reached XP level 5. HP: 35/47 MP: 4/4
  3425 | D:4      | Noticed Sigmund
  3430 | D:4      | Noticed Sigmund
  3430 | D:4      | Sigmund changed into Sigmund the bat
  3431 | D:4      | Killed Sigmund the bat
  3435 | D:4      | Reached XP level 6. HP: 53/53 MP: 5/5
  3620 | D:4      | Found a stormy altar of Qazlal.
  3711 | D:4      | Reached *** piety under Elyvilon
  3792 | D:4      | Noticed Eustachio
  3794 | D:4      | Noticed Eustachio
  3794 | D:4      | Eustachio changed into Eustachio the killer bee
  3795 | D:4      | Noticed Eustachio
  3795 | D:4      | Eustachio the killer bee changed into Eustachio the fire
                  | bat
  3796 | D:4      | Noticed Eustachio
  3796 | D:4      | Eustachio the fire bat changed into Eustachio the sky beast
  3797 | D:4      | Noticed Eustachio
  3797 | D:4      | Eustachio the sky beast changed into Eustachio the fire bat
  3809 | D:4      | Killed Eustachio the fire bat
  3810 | D:4      | Reached skill level 5 in Shields
  4070 | D:5      | Entered Level 5 of the Dungeon
  4130 | D:5      | Noticed a water moccasin
  4138 | D:5      | Killed a water moccasin
  4139 | D:5      | Reached skill level 1 in Evocations
  4139 | D:5      | Reached XP level 7. HP: 54/60 MP: 6/6
  4179 | D:5      | Reached skill level 1 in Unarmed Combat
  4364 | D:5      | Found a staircase to the Ecumenical Temple.
  4452 | D:5      | Reached skill level 1 in Maces & Flails
  4452 | D:5      | Reached XP level 8. HP: 63/67 MP: 7/7
  4749 | D:6      | Reached **** piety under Elyvilon
  4809 | D:6      | Reached skill level 2 in Maces & Flails
  4812 | D:6      | Reached skill level 3 in Maces & Flails
  5145 | D:6      | Reached skill level 5 in Fighting
  5582 | D:6      | Reached skill level 4 in Maces & Flails
  6094 | D:6      | Found Kantiphy's Armour Shoppe.
  6209 | D:6      | Bought a +0 plate armour of poison resistance for 270 gold
                  | pieces
  6499 | D:7      | Reached skill level 5 in Maces & Flails
  6499 | D:7      | Reached skill level 1 in Stealth
  6716 | D:7      | Reached XP level 9. HP: 49/74 MP: 8/8
  6942 | D:7      | Reached skill level 6 in Maces & Flails
  7265 | D:7      | Reached ***** piety under Elyvilon
  7475 | D:7      | Reached skill level 7 in Maces & Flails
  7915 | D:8      | Elyvilon protects you from harm!
  8215 | D:8      | Found Yngavoth's Lightly-Used Armoury.
  8284 | D:8      | Noticed a two-headed ogre
  8292 | D:8      | Killed a two-headed ogre
  8293 | D:8      | Reached skill level 8 in Maces & Flails
  8338 | D:8      | Reached skill level 9 in Maces & Flails
  8439 | D:8      | Found a flagged portal.
  8463 | Bailey   | Entered a bailey
  8837 | Bailey   | Noticed an orc knight
  8862 | Bailey   | Mangled by an orc warrior

Illustrated notes

Levels and vault maps discovered:
D:1:      tarquinn_simple_flora_water_a, layout_basic
D:2:      layout_basic, dreamdust_ecumenical_altar_sealed_demon, basic_altar
D:3:      layout_loops_cross, serial_shops, shop_statue, uniq_robin
D:4:      layout_gridville, grunt_qazlal_sundering, uniq_menkaure,
          uniq_eustachio, uniq_sigmund
D:5:      layout_cave_pools, minmay_temple_entry_slanted, dk_vineyard_3,
          minmay_holes, minmay_misc_feat_columns
D:6:      layout_basic, serial_shops, shop
D:7:      layout_basic, chequers_decorated_corner, corexii_leaking_fountain
D:8:      layout_rooms, serial_rivers, chequers_serial_rivers_micro_e,
          chequers_serial_rivers_micro_d, chequers_serial_rivers_small_b,
          chequers_serial_rivers_micro_e, enter_bailey_4, roderic_roman_lattice,
          chequers_serial_rivers_small_b, dreamdust_princess_bridge,
          eino_tiny_chamber, minmay_shop_damaged, fountainhead,
          grunt_ministairs_11
Bailey:   bailey_polearm_5, bailey

Skill      XL: |  1  2  3  4  5  6  7  8  9 |
---------------+----------------------------+-----
Shields        | 4 5 6 8 |  8.1
Armour         | 4 5 6 7 8 |  8.9
Fighting       | 4 5 6 |  6.3
Short Blades   | 1 3 4 |  4.0
Dodging        | 1 2 3 |  3.7
Evocations     | 1 2 |  2.5
Unarmed Combat | 1 |  1.3
Maces & Flails | 1 5 9 |  9.1
Stealth        | 1 |  1.2
Polearms       | |  2.4

Action                   |  1- 3 |  4- 6 |  7- 9 || total
-------------------------+-------+-------+-------++-------
Melee: Trident           |    30 |       |       ||    30
       Headbutt          |    24 |    10 |    55 ||    89
       Short sword       |   102 |    34 |       ||   136
       Club              |       |    53 |    59 ||   112
       Unarmed           |       |     5 |       ||     5
       Flail             |       |       |   253 ||   253
Evoke: Wand              |       |     8 |    17 ||    25
  Use: Scroll            |       |     1 |       ||     1
       Potion            |       |       |     3 ||     3
Armor: Scale mail        |    43 |    32 |    53 ||   128
       Plate armour      |       |       |   111 ||   111
Dodge: Dodged            |    36 |    36 |   133 ||   205
Block: Buckler           |    10 |       |       ||    10
       Kite shield       |    23 |    39 |   200 ||   262
